 Dungeon Crawl Stone Soup version 0.26-a0-808-g930a2b7adc (webtiles) character file.

Game seed: 10468148659511637689

11 Horrz the Skirmisher (level 2, 27/27 HPs)
             Began as a Minotaur Berserker on Oct 5, 2020.
             Was a Follower of Trog.
             Got out of the dungeon alive.
             The game lasted 00:07:02 (190 turns).

Horrz the Skirmisher (Minotaur Berserker)            Turns: 190, Time: 00:07:03

Health: 27/27      AC:  2    Str: 21    XL:     2   Next: 13%
Magic:  1/1        EV: 12    Int:  4    God:    Trog [*.....]
Gold:   14         SH:  0    Dex:  9    Spells: 1/1 levels left

rFire    . . .     SeeInvis .   a - +0 hand axe
rCold    . . .     Faith    .   (no shield)
rNeg     . . .     Spirit   .   b - +0 animal skin
rPois    .         Reflect  .   (helmet restricted)
rElec    .         Harm     .   (no cloak)
rCorr    .         Rampage  .   (no gloves)
MR       .....                  (no boots)
Stlth    +.........             (no amulet)
HPRegen  0.09/turn              (no ring)
MPRegen  0.07/turn              (no ring)

@: no status effects
A: retaliatory headbutt, horns 2
a: Berserk, Renounce Religion


You escaped.
You worshipped Trog.
Trog was aware of your devotion.
You visited 1 branch of the dungeon, and saw 2 of its levels.

You collected 14 gold pieces.

Inventory:

Hand Weapons
 a - a +0 hand axe (weapon)
Armour
 b - a +0 animal skin (worn)


   Skills:
 + Level 4.0 Fighting
 + Level 4.0 Axes
 - Level 2.5 Armour
 - Level 2.3 Dodging


You had one spell level left.
You didn't know any spells.
Your spell library was empty.

Dungeon Overview and Level Annotations

Branches:
Dungeon (2/15)

Altars:


Innate Abilities, Weirdness & Mutations

You reflexively headbutt those who attack you in melee.
You have a pair of horns on your head.


Message History

There is a stone staircase leading down here.
There is an open door here.
Press: ? - help, . - travel You can't see that place. [the floor.]
You open the door.
There is an open door here.
You see here 20 bolts.
The iguana hisses angrily.
The hell rat roars deafeningly!
The hell rat twitches its whiskers.
Press: ? - help, . - travel You can't see that place. [a staircase leading out of the dungeon.]
There is a staircase leading out of the dungeon here.
You can't go down here!
You can't go down here!
Are you sure you want to leave the Dungeon?
This will make you lose the game! [Y]es or [N]o only, please.
Are you sure you want to leave the Dungeon?
This will make you lose the game!
You have escaped!

##...###.8.......8.#
##..#...............
##.#.8..#######..8.
###....#wlBCr#....
#.8..#######..8.
#............ ..
#............
#....########
###........@#
###########


There were no monsters in sight!

Vanquished Creatures
  An adder (D:1)
  A hobgoblin (D:1)
  A rat (D:1)
3 creatures vanquished.

Notes
Turn   | Place    | Note
-------+----------+-------------------------------------------
     0 | D:1      | Horrz the Minotaur Berserker began the quest for the Orb.
     0 | D:1      | Reached XP level 1. HP: 19/19 MP: 0/0
     6 | D:1      | Noticed an iguana
     6 | D:1      | Noticed a tyrant leech
     6 | D:1      | Noticed a soldier ant
     7 | D:1      | Noticed a hell rat
     7 | D:1      | Noticed an ettin
    70 | D:1      | Reached XP level 2. HP: 27/27 MP: 1/1
    76 | D:1      | Upgraded the game from 0.26-a0-658-gbdda728c12 to
                  | 0.26-a0-663-g36e8fdb655
   134 | D:1      | Upgraded the game from 0.26-a0-663-g36e8fdb655 to
                  | 0.26-a0-808-g930a2b7adc
   190 | D:$      | Got out of the dungeon alive.

Illustrated notes

Levels and vault maps discovered:
D:1:      onia_arrival_zoo_common, layout_loops_corners
D:2:      layout_rooms, nicolae_overflow_hidden_temple,
          ashenzari_conservatory_becter, nemelex_xobeh_ov_fountains_minmay,
          glass_columns_b

Skill      XL: |  1  2 |
---------------+-------+-----
Fighting       | 4 |  4.0
Axes           | 4 |  4.0
Armour         | |  2.5
Dodging        | |  2.3

Action                   || total
-------------------------++-------
Melee: Hand axe          ||     5
Invok: Berserk           ||     1
Dodge: Dodged            ||     4

Table legend: (Time is in decaauts)
 A = Elapsed time spent in this place.
 B = Non-inter-level travel time spent in this place.
 C = Inter-level travel time spent in this place.
 D = Time resting spent in this place.
 E = Time spent auto-exploring this place.
 F = Levels seen in this place.
 G = Mean time per level.
                   A        B        C        D        E       F      G
               +--------+--------+--------+--------+--------+-----+--------+
         Total |    201 |    160 |     41 |      0 |    114 |   2 |  100.5 |
       Dungeon |    201 |    160 |     41 |      0 |    114 |   2 |  100.5 |
               +--------+--------+--------+--------+--------+-----+--------+

Top non-repeatable levels by time:
     D:1: 195 daAuts
     D:2: 5 daAuts
